 Dungeon Crawl Stone Soup version 0.23-b1 (webtiles) character file.

Game seed: 1208611050573177556

2281 H0rd4k the Cutter (level 9, -10/68 HPs)
             Began as a Human Artificer on Jan 30, 2019.
             Mangled by a wraith (12 damage)
             ... on level 7 of the Dungeon.
             The game lasted 00:24:08 (8924 turns).

H0rd4k the Cutter (Human Artificer)                 Turns: 8924, Time: 00:24:09

Health: -10/68     AC:  9    Str: 15    XL:     9   Next: 66%
Magic:  12/12      EV: 15    Int: 12    God:
Gold:   386        SH:  0    Dex: 14    Spells: 9/12 levels left

rFire    + . .     SeeInvis .   t - +4 dagger
rCold    . . .     Gourm    .   (no shield)
rNeg     + . .     Faith    .   D - +0 ring mail
rPois    +         Spirit   .   (no helmet)
rElec    .         Reflect  .   p - scarf {repulsion}
rCorr    .         Harm     .   B - +1 pair of gloves
MR       .....                  E - +0 pair of boots
Stlth    ++........             (no amulet)
HPRegen  0.21/turn              y - ring of poison resistance
MPRegen  0.13/turn              i - ring of positive energy

@: about to teleport, slowed, repel missiles, very slow
A: repulsion field 1, fire resistance 1, poison resistance
a: no special abilities


You were on level 7 of the Dungeon.
You were not hungry.

You visited 1 branch of the dungeon, and saw 9 of its levels.

You collected 386 gold pieces.

Inventory:

Hand Weapons
 a - a +0 short sword
 l - a +0 shortbow
 t - a +4 dagger (weapon)
 u - a +0 dagger of protection
 w - a +0 battleaxe
Missiles
 c - 52 arrows
 F - 20 sling bullets
 H - 5 needles of confusion
Armour
 b - a +0 leather armour
 p - a scarf of repulsion (worn)
 A - a +0 helmet
 B - a +1 pair of gloves (worn)
 D - a +0 ring mail (worn)
 E - a +0 pair of boots (worn)
Magical Staves
 q - an uncursed staff of power
 r - an uncursed staff of fire
Jewellery
 i - a ring of positive energy (right hand)
 y - a ring of poison resistance (left hand)
Wands
 d - a wand of enslavement (7)
Scrolls
 g - a scroll of enchant armour
 h - 2 scrolls of enchant weapon
 j - 7 scrolls of identify
 n - a scroll of amnesia
 v - 2 scrolls of fear
 x - a scroll of fog
Potions
 k - a potion of mutation
 m - a potion of brilliance
 o - a potion of cancellation
 s - a potion of lignification
 z - a potion of berserk rage {unknown}
 G - a potion of invisibility {unknown}
Comestibles
 f - 8 rations


   Skills:
 + Level 5.0 Fighting
 + Level 6.1 Short Blades
 + Level 0.5 Throwing
 + Level 4.8 Armour
 + Level 5.6 Dodging
 + Level 3.0 Stealth
 * Level 2.2 Spellcasting
 * Level 0.8 Conjurations
 + Level 4.8 Evocations


You had 9 spell levels left.
You knew the following spells:

 Your Spells              Type           Power        Failure   Level  Hunger
a - Magic Dart            Conj           #...         34%         1    ##.....
b - Call Imp              Summ           #.......     58%         2    ###....

Your spell library contained the following spells:

 Spells                   Type           Power        Failure   Level  Hunger
 Animate Skeleton         Necr           N/A          45%         1    ##.....
 Infusion                 Chrm           #...         45%         1    ##.....
 Pain                     Necr           #...         45%         1    ##.....
 Blink                    Tloc           N/A          58%         2    ###....
 Shroud of Golubria       Chrm/Tloc      #.........   58%         2    ###....
 Slow                     Hex            #.......     58%         2    ###....
 Song of Slaying          Chrm           #.......     58%         2    ###....
 Conjure Flame            Conj/Fire      #.......     77%         3    ####...
 Mephitic Cloud           Conj/Pois/Air  #.......     80%         3    ####...
 Regeneration             Chrm/Necr      #.........   83%         3    ####...
 Spectral Weapon          Hex/Chrm       #.......     83%         3    ####...
 Vampiric Draining        Necr           #.........   83%         3    ####...
 Animate Dead             Necr           N/A          99%         4    #####..


Dungeon Overview and Level Annotations

Branches:
Dungeon (9/15)             Temple (0/1) D:6
   Lair: D:8-11         Orc: D:9-12

Altars:
Fedhas
Gozag
Okawaru
Trog
Uskayaw
The Shining One

Shops:
D:4 }   D:6 *

Annotations:
D:3 3 runed translucent doors, 2 transporters, Zing's ghost, amateur SpAs
D:5 exclusions: downstairs and upstairs
D:8 Grum; Pikel
D:9 Harold


Innate Abilities, Weirdness & Mutations

You are surrounded by a mild repulsion field. (EV +2)
Your flesh is heat resistant. (rF+)
Your system is resistant to poisons. (rPois)


Message History

* * * LOW HITPOINT WARNING * * *
The wraith drains your vigour!
You feel as though you will be slow longer.
You completely miss the wraith.
The wraith is severely damaged.
The wraith hits you.
* * * LOW HITPOINT WARNING * * *
There is an open door here.
The wraith hits you!
* * * LOW HITPOINT WARNING * * *
The wraith drains your vigour!
You feel as though you will be slow longer.
Evoke which item? (* to show all) (? for menu, Esc to quit)
Okay, then.
Unknown command.
Okay, then.
Unknown command.
As you read the scroll of teleportation, it crumbles to dust.
You feel strangely unstable. The wraith hits you!
You die...

#.# ####>. +.+ ##.
#.# ## +.+ # #.###
## # +.'.# .## #
#.# ..# #W### #.#
# #@#8## #.# #
#....##. #.## ##
####.##.####..###.
#.##...........
#.##......#...#
#..##.....#...#
##..#.....#>#.#
##...#.###.#.#
###...###.#.#


You could see a wraith.

Vanquished Creatures
  Prince Ribbit (D:6)
  A hungry ghost (D:8)
  A steam dragon (D:8)
  A sky beast (D:6)
  A wolf (D:9)
  6 ogres
  2 centaurs
  A crocodile (D:7)
  3 bullfrogs
  A centaur zombie (D:9)
  A crimson imp (D:5)
  An orc priest (D:4)
  A centaur skeleton (D:5)
  2 hounds
  2 iguanas
  3 worker ants
  A hound skeleton (D:4)
  6 gnolls
  9 adders
  A shadow imp (D:8)
  An ooze (D:4)
  2 adder skeletons
  2 worms
  A dart slug (D:1)
  8 leopard geckos
  13 orcs
  3 ball pythons
  7 giant cockroaches
  16 goblins
  7 hobgoblins
  4 jackals
  4 quokkas
  4 bats
  8 frilled lizards
  7 kobolds
  A leopard gecko skeleton (D:4)
  7 rats
140 creatures vanquished.

Vanquished Creatures (collateral kills)
  A necrophage (D:9)
  A crimson imp (D:6)
  A gnoll shaman (D:5)
  A gnoll (D:5)
  An orc (D:4)
5 creatures vanquished.

Vanquished Creatures (others)
  A gnoll (D:5)
1 creature vanquished.

Grand Total: 146 creatures vanquished

Notes
Turn   | Place    | Note
-------+----------+-------------------------------------------
     0 | D:1      | H0rd4k the Human Artificer began the quest for the Orb.
     0 | D:1      | Reached XP level 1. HP: 15/15 MP: 3/3
   185 | D:1      | Reached XP level 2. HP: 21/21 MP: 4/4
   402 | D:1      | Reached XP level 3. HP: 20/26 MP: 5/5
   881 | D:2      | Reached skill level 2 in Short Blades
   968 | D:2      | Reached XP level 4. HP: 29/32 MP: 6/6
  1818 | D:3      | Found a runed translucent gate.
  1818 | D:3      | Found a runed translucent gate.
  1819 | D:3      | Found a runed translucent gate.
  1850 | D:3      | Noticed Zing's ghost (amateur SpAs)
  2086 | D:3      | Reached skill level 1 in Armour
  2091 | D:3      | Reached XP level 5. HP: 36/37 MP: 7/7
  2154 | D:3      | Found a transporter.
  2156 | D:3      | Found a blossoming altar of Fedhas.
  2486 | D:3      | Found a transporter.
  2600 | D:4      | Noticed an ogre
  2607 | D:4      | Killed an ogre
  2607 | D:4      | Reached skill level 3 in Short Blades
  2607 | D:4      | Reached XP level 6. HP: 20/44 MP: 8/8
  2834 | D:4      | Found Cahuk's Gadget Emporium.
  3111 | D:4      | Noticed an ogre
  3116 | D:4      | Killed an ogre
  3551 | D:5      | Entered Level 5 of the Dungeon
  3568 | D:5      | Found an iron altar of Okawaru.
  3664 | D:4      | Reached XP level 7. HP: 45/51 MP: 9/9
  4464 | D:6      | Noticed Prince Ribbit
  4719 | D:5      | Gained mutation: Your flesh is heat resistant. (rF+)
                  | [potion of mutation]
  4719 | D:5      | Gained mutation: Your system is resistant to poisons.
                  | (rPois) [potion of mutation]
  4719 | D:5      | Gained mutation: You are surrounded by a mild repulsion
                  | field. (EV +2) [potion of mutation]
  4724 | D:5      | Reached skill level 4 in Short Blades
  5818 | D:6      | Noticed a water moccasin
  5910 | D:6      | Found an opulent altar of Gozag.
  5910 | D:6      | Found a bloodstained altar of Trog.
  6028 | D:6      | Reached XP level 8. HP: 43/58 MP: 11/11
  6106 | D:6      | Found a staircase to the Ecumenical Temple.
  6464 | D:5      | Reached skill level 5 in Short Blades
  6495 | D:6      | Killed Prince Ribbit
  6718 | D:6      | Found Ahoa's General Store.
  6821 | D:8      | Found a glowing golden altar of the Shining One.
  6821 | D:8      | Noticed Pikel
  6831 | D:8      | Found a blossoming altar of Fedhas.
  7200 | D:8      | Reached XP level 9. HP: 59/65 MP: 12/12
  7214 | D:8      | Reached skill level 5 in Dodging
  7239 | D:8      | Reached skill level 6 in Short Blades
  7399 | D:9      | Learned a level 1 spell: Magic Dart
  7402 | D:9      | Learned a level 2 spell: Call Imp
  7746 | D:9      | Noticed Harold
  7952 | D:8      | Noticed Grum
  7960 | D:7      | Found a hide-covered altar of Uskayaw.
  8026 | D:9      | Reached skill level 1 in Spellcasting
  8658 | D:7      | Reached skill level 5 in Fighting
  8923 | D:7      | HP: 1/68 [wraith (9)]
  8924 | D:7      | Mangled by a wraith

Skill      XL: |  1  2  3  4  5  6  7  8  9 |
---------------+----------------------------+-----
Short Blades   | 2 3 4 5 6 |  6.1
Armour         | 1 2 3 4 |  4.8
Fighting       | 2 3 4 5 |  5.0
Dodging        | 3 4 5 |  5.6
Stealth        | 2 3 |  3.0
Evocations     | 4 |  4.8
Spellcasting   | 2 |  2.2
Throwing       | |  0.5
Conjurations   | |  0.8

Action                   |  1- 3 |  4- 6 |  7- 9 || total
-------------------------+-------+-------+-------++-------
Melee: Short sword       |   139 |    60 |       ||   199
       Dagger            |       |   163 |   485 ||   648
       Staff             |       |       |     1 ||     1
Throw: Javelin           |       |       |    13 ||    13
 Cast: Magic Dart        |       |       |     3 ||     3
Evoke: Wand              |       |    16 |    25 ||    41
  Use: Potion            |       |       |     6 ||     6
       Scroll            |       |       |    13 ||    13
 Stab: Sleeping          |     2 |     2 |     1 ||     5
       Confused          |       |       |     1 ||     1
  Eat: Chunk             |       |     9 |    12 ||    21
       Ration            |       |       |     3 ||     3
Armor: Leather armour    |    18 |    26 |    26 ||    70
       Skin              |       |       |     3 ||     3
       Ring mail         |       |       |    35 ||    35
Dodge: Dodged            |    89 |   124 |   318 ||   531
       Deflected         |       |       |     8 ||     8
